 Dungeon Crawl Stone Soup version 0.26-a0-524-g073066f631 (webtiles) character file.

Game seed: 17649472431138821373

57 ANON1729 the Insei (level 3, 0/26 HPs)
             Began as a Demonspawn Transmuter on Aug 13, 2020.
             Slain by a gnoll
             ... wielding a +0 halberd
              (17 damage)
             ... on level 2 of the Dungeon.
             The game lasted 00:01:45 (1885 turns).

ANON1729 the Insei (Demonspawn Transmuter)          Turns: 1885, Time: 00:01:46

Health: 0/26       AC:  2    Str: 10    XL:     3   Next: 73%
Magic:  5/6        EV: 12    Int: 15    God:
Gold:   137        SH:  0    Dex: 13    Spells: 3/6 levels left

rFire    . . .     SeeInvis .     - Unarmed
rCold    . . .     Faith    .   (no shield)
rNeg     . . .     Spirit   .   a - +0 robe
rPois    .         Reflect  .   (helmet currently unavailable)
rElec    .         Harm     .   (no cloak)
rCorr    .                      (no gloves)
MR       .....                  (boots currently unavailable)
Stlth    +.........             (no amulet)
HPRegen  0.08/turn              (no ring)
MPRegen  0.10/turn              (no ring)

@: appendages (expiring)
A: horns 2, talons 2
a: End Transformation


You were on level 2 of the Dungeon.
You had grown temporary horns.
You had grown temporary talons.
You visited 1 branch of the dungeon, and saw 2 of its levels.

You collected 137 gold pieces.

Inventory:

Armour
 a - a +0 robe (worn)
Scrolls
 b - a scroll of amnesia {unknown}
 c - a scroll of identify {unknown}
 d - a scroll of teleportation {unknown}
Potions
 e - a potion of degeneration {unknown}
 f - a potion of invisibility {unknown}


   Skills:
 + Level 1.6 Fighting
 + Level 2.2 Dodging
 * Level 3.1 Unarmed Combat
 + Level 2.3 Spellcasting
 * Level 2.4 Transmutations


You had 3 spell levels left.
You knew the following spells:

 Your Spells              Type           Power        Failure   Level
a - Beastly Appendage     Tmut           #.....       8%          1
b - Wereblood             Tmut           #.......     12%         2

Your spell library contained the following spells:

 Spells                   Type           Power        Failure   Level
 Spider Form              Tmut/Pois      #.........   36%         3
 Ice Form                 Ice/Tmut       #.......     78%         4
 Blade Hands              Tmut           #.........   91%         5


Dungeon Overview and Level Annotations

Branches:
Dungeon (2/15)

Altars:


Innate Abilities, Weirdness & Mutations

You have a pair of horns on your head.
You have razor-sharp toenails.


Message History

The gnoll barely misses you.
You hit the gnoll.
The gnoll is moderately wounded.
The gnoll barely misses you.
You barely miss the gnoll. Your kick misses the gnoll.
The gnoll is moderately wounded.
Your transformation is almost over.
The gnoll misses you.
You barely miss the gnoll. You claw the gnoll.
The gnoll is severely wounded.
The gnoll barely misses you. x2
You hit the gnoll.
You kill the gnoll!
The gnoll misses you. The gnoll barely misses you.
You hit the gnoll but do no damage. The gnoll hits you with a +0 club!
The gnoll barely misses you.
A worm comes into view.
The gnoll hits you from afar with a +0 halberd!
Ouch! That really hurt!
You die...

######### #.......#
#########..[....#
.>....!.........#
....$g.@........#
.....gg..###.##.###
....>.............######
......[.................
.........###.##.........
.........###รท#####.#####
.$.......#......##..#
##(.w....#......###.#
#......# #.#


You could see a worm (wandering) and 3 gnolls.

Vanquished Creatures
  2 gnolls
  A dart slug (D:2)
  2 leopard geckos
  A bat (D:2)
  A giant cockroach (D:2)
  4 goblins
  11 hobgoblins
  2 frilled lizards
  A kobold (D:1)
  6 rats
31 creatures vanquished.

Notes
Turn   | Place    | Note
-------+----------+-------------------------------------------
     0 | D:1      | ANON1729 the Demonspawn Transmuter began the quest for the
                  | Orb.
     0 | D:1      | Reached XP level 1. HP: 15/15 MP: 3/3
    23 | D:1      | Mutation became permanent: You have a pair of small horns
                  | on your head. [demonic ancestry]
    23 | D:1      | Gained mutation: You have a pair of horns on your head.
                  | [demonic ancestry]
    23 | D:1      | Reached XP level 2. HP: 11/21 MP: 3/5
   703 | D:1      | Learned a level 2 spell: Wereblood
  1064 | D:1      | Reached XP level 3. HP: 26/26 MP: 6/6
  1124 | D:1      | Reached skill level 3 in Unarmed Combat
  1885 | D:2      | Slain by a gnoll

Illustrated notes

Levels and vault maps discovered:
D:1:      dpeg_arrival_shrine, layout_loops_corners,
          chequers_serial_rivers_large_a, st_stairs_3
D:2:      layout_basic, gammafunk_temple_overflow_statue

Skill      XL: |  1  2  3 |
---------------+----------+-----
Transmutations | 2 |  2.4
Dodging        | 2 |  2.2
Unarmed Combat | 3 |  3.1
Fighting       | |  1.6
Spellcasting   | |  2.3

Action                   || total
-------------------------++-------
Melee: Unarmed           ||   105
       Kick              ||    14
       Punch             ||     1
       Headbutt          ||    15
 Cast: Beastly Appendage ||    17
 Stab: Sleeping          ||     1
Armor: Robe              ||    11
Dodge: Dodged            ||    60

Table legend: (Time is in decaauts)
 A = Elapsed time spent in this place.
 B = Non-inter-level travel time spent in this place.
 C = Inter-level travel time spent in this place.
 D = Time resting spent in this place.
 E = Time spent auto-exploring this place.
 F = Levels seen in this place.
 G = Mean time per level.
                   A        B        C        D        E       F      G
               +--------+--------+--------+--------+--------+-----+--------+
         Total |   1888 |   1876 |     12 |    686 |    975 |   2 |  944.0 |
       Dungeon |   1888 |   1876 |     12 |    686 |    975 |   2 |  944.0 |
               +--------+--------+--------+--------+--------+-----+--------+

Top non-repeatable levels by time:
     D:1: 1226 daAuts
     D:2: 662 daAuts
